[ AOE2 MATCH · #464112005 ]
UnrankedHuns vs None
Rival team · LOSS
[ REPLAY ANALYSIS · EXTRACTED FROM THE RECORDED GAME ]
Feudal
13:23
Castle
24:47
Imperial
—
| APM avg | 24.9 |
| APM peak | 56 |
| eAPM avg | 8.9 |
| Villagers / military | 43 / 9 |
Focus
⚔️ 16.3% · 🌾 83.7%
Militia ×6 · Knight ×3
Feudal
12:37
Castle
20:30
Imperial
—
| APM avg | 45.9 |
| APM peak | 78 |
| eAPM avg | 25.9 |
| Villagers / military | 28 / 4 |
Focus
⚔️ 12.9% · 🌾 87.1%
Fishing Ship ×8 · Archer ×2 · Mangonel ×2 · Trade Cart ×1
Match map
Initial resources + every placement click. Lines = walls · curves = elevation contours. ◆ gold · ⬟ stone · ● berries · ✦ relic · ◌ wall gap
Your base· Open — 8t gap
Dariusz II's base· Open — 11t gap
Smoothed initial terrain · ◌ = detected wall gap · hover for details
Inputs per minute
— Vandrarek - - Dariusz II
Build order — Vandrarek
97 actions detected in the replay
| 0:43 | Build | Town Center |
| 0:54 | Build | Outpost |
| 2:43 | Create | Villager (Male) |
| 2:44 | Create | Villager (Male) |
| 2:44 | Create | Villager (Male) |
| 3:27 | Create | Villager (Male) |
| 4:05 | Create | Villager (Male) |
| 4:05 | Create | Villager (Male) |
| 5:35 | Create | Villager (Male) |
| 5:35 | Create | Villager (Male) |
| 5:35 | Create | Villager (Male) |
| 6:23 | Create | Villager (Male) |
| 7:00 | Build | Mill |
| 7:21 | Create | Villager (Male) |
| 7:21 | Create | Villager (Male) |
| 7:21 | Create | Villager (Male) |
| 7:51 | Create | Villager (Male) |
| 8:12 | Create | Villager (Male) |
| 9:15 | Create | Villager (Male) |
| 9:46 | Create | Villager (Male) |
| 10:11 | Build | Barracks |
| 10:15 | Research | Loom |
| 10:33 | Create | Villager (Male) |
| 11:04 | Build | Mill |
| 11:13 | Research | Feudal Age |
| 11:15 | Create | Militia |
| 11:21 | Build | Outpost |
| 11:52 | Create | Militia |
| 12:07 | Build | Outpost |
| 12:09 | Create | Villager (Male) |
| 13:07 | Create | Villager (Male) |
| 13:23 | Age | Feudal Age |
| 13:24 | Build | Watch Tower |
| 13:34 | Research | Man-at-Arms (upgrade) |
| 13:41 | Build | Blacksmith |
| 14:05 | Create | Militia |
| 14:11 | Create | Villager (Male) |
| 14:13 | Create | Villager (Male) |
| 14:29 | Create | Militia |
| 14:48 | Build | Watch Tower |
| 15:02 | Create | Villager (Male) |
| 15:05 | Build | Mining Camp |
| 15:06 | Create | Villager (Male) |
| 15:07 | Create | Villager (Male) |
| 15:07 | Create | Villager (Male) |
| 15:20 | Research | Horse Collar |
| 15:24 | Build | Mill |
| 15:25 | Create | Villager (Male) |
| 16:03 | Build | Watch Tower |
| 16:21 | Create | Villager (Male) |
| 16:24 | Create | Militia |
| 16:24 | Create | Militia |
| 16:33 | Build | Blacksmith |
| 17:00 | Create | Villager (Male) |
| 17:17 | Build | Mining Camp |
| 17:59 | Build | Watch Tower |
| 18:07 | Create | Villager (Male) |
| 18:08 | Create | Villager (Male) |
| 18:13 | Build | Farm |
| 18:14 | Build | Farm |
| 18:51 | Build | Watch Tower |
| 19:01 | Research | Fletching |
| 19:13 | Create | Villager (Male) |
| 19:13 | Create | Villager (Male) |
| 19:45 | Create | Villager (Male) |
| 19:45 | Create | Villager (Male) |
| 19:52 | Build | Farm |
| 20:06 | Build | Watch Tower |
| 20:25 | Create | Villager (Male) |
| 20:59 | Build | Market |
| 21:47 | Build | Watch Tower |
| 22:07 | Research | Castle Age |
| 22:53 | Create | Villager (Male) |
| 23:03 | Build | Stable |
| 23:08 | Build | Farm |
| 23:11 | Build | Farm |
| 23:12 | Build | Farm |
| 23:21 | Build | Farm |
| 24:00 | Build | Farm |
| 24:01 | Build | Farm |
| 24:02 | Build | Farm |
| 24:07 | Research | Scale Barding Armor |
| 24:26 | Research | Bloodlines |
| 24:31 | Build | Farm |
| 24:47 | Age | Castle Age |
| 24:48 | Create | Knight |
| 24:49 | Create | Knight |
| 25:01 | Research | Bodkin Arrow |
| 25:22 | Build | Watch Tower |
| 25:29 | Create | Knight |
| 25:46 | Create | Villager (Male) |
| 25:46 | Create | Villager (Male) |
| 25:46 | Create | Villager (Male) |
| 25:46 | Create | Villager (Male) |
| 25:49 | Build | Lumber Camp |
| 26:18 | Create | Villager (Male) |
| 26:53 | Create | Villager (Male) |
Build order — Dariusz II
81 actions detected in the replay
| 0:18 | Build | Dock |
| 0:27 | Build | Town Center |
| 0:36 | Build | House |
| 2:33 | Create | Villager (Male) |
| 2:33 | Create | Villager (Male) |
| 2:34 | Create | Villager (Male) |
| 2:43 | Create | Villager (Male) |
| 3:28 | Create | Villager (Male) |
| 3:38 | Build | House |
| 4:26 | Create | Villager (Male) |
| 4:39 | Create | Villager (Male) |
| 4:52 | Create | Fishing Ship |
| 4:52 | Create | Fishing Ship |
| 5:21 | Create | Villager (Male) |
| 5:50 | Create | Villager (Male) |
| 6:17 | Build | House |
| 6:21 | Create | Villager (Male) |
| 6:22 | Create | Villager (Male) |
| 6:53 | Create | Fishing Ship |
| 7:04 | Create | Villager (Male) |
| 7:32 | Create | Villager (Male) |
| 7:36 | Research | Loom |
| 7:39 | Create | Villager (Male) |
| 7:48 | Create | Villager (Male) |
| 8:02 | Create | Fishing Ship |
| 8:02 | Create | Fishing Ship |
| 8:12 | Build | House |
| 8:27 | Build | Outpost |
| 9:01 | Build | Outpost |
| 9:08 | Create | Fishing Ship |
| 9:14 | Create | Villager (Male) |
| 9:51 | Build | Lumber Camp |
| 9:58 | Create | Villager (Male) |
| 10:23 | Build | House |
| 10:28 | Research | Feudal Age |
| 10:58 | Create | Villager (Male) |
| 11:29 | Build | Dock |
| 11:31 | Create | Villager (Male) |
| 11:58 | Build | Barracks |
| 12:03 | Create | Villager (Male) |
| 12:15 | Build | Outpost |
| 12:31 | Create | Fishing Ship |
| 12:37 | Age | Feudal Age |
| 12:49 | Create | Villager (Male) |
| 13:33 | Build | Archery Range |
| 14:04 | Create | Villager (Male) |
| 14:23 | Build | House |
| 14:29 | Create | Archer |
| 14:33 | Build | House |
| 14:35 | Create | Villager (Male) |
| 14:42 | Build | Outpost |
| 14:47 | Research | Town Watch |
| 15:01 | Create | Archer |
| 15:21 | Build | Blacksmith |
| 15:24 | Create | Villager (Male) |
| 16:00 | Build | Mill |
| 16:10 | Build | Mill |
| 16:58 | Build | Market |
| 17:03 | Build | Lumber Camp |
| 17:41 | Create | Villager (Male) |
| 17:50 | Research | Castle Age |
| 17:50 | Research | Castle Age |
| 18:24 | Build | Watch Tower |
| 18:28 | Build | House |
| 19:24 | Create | Trade Cart |
| 19:33 | Create | Fishing Ship |
| 20:13 | Build | Outpost |
| 20:30 | Age | Castle Age |
| 20:34 | Build | Siege Workshop |
| 20:41 | Build | House |
| 20:43 | Build | Palisade Wall |
| 20:46 | Build | House |
| 20:48 | Build | Palisade Wall |
| 21:02 | Build | Palisade Wall |
| 21:48 | Create | Mangonel |
| 22:05 | Build | Watch Tower |
| 24:12 | Create | Mangonel |
| 24:29 | Build | Lumber Camp |
| 24:41 | Create | Villager (Male) |
| 25:03 | Create | Villager (Male) |
| 25:26 | Create | Villager (Male) |
Match timeline
| 0:18 | Dariusz II · first_building Dock |
| 10:11 | Vandrarek · first_building Barracks |
| 11:58 | Dariusz II · first_building Barracks |
| 12:37 | Dariusz II · age_up feudal |
| 13:23 | Vandrarek · age_up feudal |
| 13:33 | Dariusz II · first_building Archery Range |
| 17:49 | Dariusz II · first_market_sell 100 food |
| 19:11 | Dariusz II · first_market_buy 100 stone |
| 20:30 | Dariusz II · age_up castle |
| 20:34 | Dariusz II · first_building Siege Workshop |
| 20:43 | Dariusz II · wall_segment Palisade Wall x1 |
| 20:48 | Dariusz II · wall_segment Palisade Wall x1 |
| 21:02 | Dariusz II · wall_segment Palisade Wall x1 |
| 21:57 | Vandrarek · first_market_buy 100 food |
| 23:03 | Vandrarek · first_building Stable |
| 24:47 | Vandrarek · age_up castle |
| 26:57 | Dariusz II · resign |
[ AI ANALYSIS · 1 CREDIT ]
What really happened in this match?
Wolo.gg analyzes every decision: build order, eco, micro, common mistakes by bracket. Personalized analysis on WhatsApp or Discord in 30 seconds.
Civ guide
Huns
Perfil
Jugador #369580